 Dungeon Crawl Stone Soup version 0.31-a0-949-g57150269e1 (webtiles) character file.

Game seed: 13234471793959729320

2340 skwerlee the Cleaver (level 9, -4/85 HPs)
             Began as a Gargoyle Berserker on Oct 23, 2023.
             Was a Priest of Trog.
             Killed from afar by a steam dragon (18 damage)
             ... with a ball of steam
             ... on level 7 of the Dungeon.
             The game lasted 00:16:38 (5836 turns).

skwerlee the Cleaver (Gargoyle Berserker)           Turns: 5836, Time: 00:16:39

Health: -4/85      AC: 16    Str: 29    XL:     9   Next: 43%
Magic:  9/9        EV:  9    Int:  8    God:    Trog [***...]
Gold:   315        SH:  0    Dex:  9    Spells: 8/8 levels left

rFire   . . .        a - +0 hand axe
rCold   . . .        (no shield)
rNeg    + + .        g - +0 chain mail
rPois   ∞            (no helmet)
rElec   +            (no cloak)
rCorr   .            (no gloves)
SInv    .            h - +0 pair of boots
Will    .....        B - amulet of the acrobat
Stlth   x              - ring "Tirphoc" {rPois rN+ Str+4 Slay+2}
HPRegen 0.34/turn    (no ring)
MPRegen 0.11/turn

%: acrobat
@: berserking, very quick
A: sickness immunity, AC +6, negative energy resistance 1, electricity
resistance, torment resistance 1, petrification resistance
a: Renounce Religion, Berserk, Trog's Hand


You were on level 7 of the Dungeon.
You worshipped Trog.
Trog was most pleased with you.
You visited 1 branch of the dungeon, and saw 7 of its levels.

You collected 315 gold pieces.

Inventory:

Hand Weapons
 a - a +0 hand axe (weapon)
 y - a +1 whip of flaming
Missiles
 q - 2 throwing nets
Armour
 g - a +0 chain mail (worn)
 h - a +0 pair of boots (worn)
Jewellery
 p - a ring of positive energy
 x - the ring "Tirphoc" (left hand) {rPois rN+ Str+4 Slay+2}
   (You found it on level 5 of the Dungeon)

   [ring of positive energy]

   Str+4:     It affects your strength (+4).
   Slay+2:    It affects your accuracy & damage with ranged weapons and melee
   (+2).
   rPois:     It protects you from poison rN+: It protects you from negative
   energy.
 z - an amulet of magic regeneration
 B - an amulet of the acrobat (around neck)
Wands
 m - a wand of acid (10)
 E - a wand of flame (11)
 G - a wand of mindburst (11)
 H - a wand of roots (9)
 I - a wand of charming (7)
Scrolls
 b - a scroll of fear
 i - a scroll of fog {unknown}
 j - a scroll of revelation {unknown}
 k - a scroll of amnesia {unknown}
 n - a scroll of blinking
 u - 2 scrolls of poison
 v - a scroll of enchant armour {unknown}
 w - 6 scrolls of teleportation
 C - a scroll of vulnerability {unknown}
 F - a scroll of silence {unknown}
Potions
 c - 2 potions of curing
 d - 2 potions of invisibility
 e - 2 potions of magic
 f - 3 potions of attraction
 l - 2 potions of might {unknown}
 o - 2 potions of enlightenment
 r - a potion of lignification {unknown}
 s - 2 potions of haste {unknown}
 t - 3 potions of heal wounds {unknown}
 A - a potion of brilliance {unknown}
 D - 2 potions of mutation {unknown}


   Skills:
 + Level 7.4 Fighting
 + Level 10.2 Axes
 - Level 2.1 Armour
 - Level 1.5 Dodging
 - Level 1.0 Stealth


You had 8 spell levels left.
You didn't know any spells.
Your spell library was empty.

Dungeon Overview and Level Annotations

Branches:
Dungeon (7/15)             Temple (0/1) D:4

Altars:
Ashenzari

Shops:
D:2 (


Innate Abilities, Weirdness & Mutations

You are immune to sickness and miasma.
Your stone body is resilient. (AC +6)
You are immune to poison.
You resist negative energy. (rN+)
You are resistant to electric shocks. (rElec)
You are resistant to unholy torment.
You are immune to petrification.


Message History

You kill the orc!
Trog accepts your kill. The steam dragon breathes steam at you.
The ball of steam hits you!
You hear a shout!
No reachable target in view!
No reachable target in view!
No reachable target in view!
You are engulfed in a cloud of scalding steam.
The steam dragon bites you but does no damage.
The steam dragon claws you.
You barely miss the steam dragon. The steam dragon barely misses you.
The steam dragon claws you but does no damage.
You slash the steam dragon!
The steam dragon is moderately wounded.
You are engulfed in a cloud of scalding steam.
The steam dragon bites you!
The steam dragon claws you but does no damage.
You hit the steam dragon.
The steam dragon is heavily wounded.
You are engulfed in a cloud of scalding steam.
The steam dragon barely misses you.
The steam dragon claws you but does no damage.
You hit the steam dragon.
The steam dragon is heavily wounded.
You are engulfed in a cloud of scalding steam.
The steam dragon breathes steam at you. The ball of steam hits you!
* * * LOW HITPOINT WARNING * * *
A red film seems to cover your vision as you go berserk!
You feel yourself moving faster!
You feel mighty!
The steam dragon bites you but does no damage.
The steam dragon claws you but does no damage.
You slash the steam dragon!
The steam dragon is almost dead.
You barely miss the steam dragon.
The steam dragon is almost dead.
The steam dragon breathes steam at you. The ball of steam hits you!!
You die...

... ... ### #..
#.. #... #.#
###..##.#
......#.# #..D.#
#@################
#.§#..............
#..#...........##.
#).'..............
##.#...........#..
#.##+#+######.#..
#.##.#.# #.#..
#..#.#.# #.#..
##...#.# #.#..


You could see a steam dragon (catching breath).

Vanquished Creatures
  Pikel (D:5)
  Menkaure (D:5)
  Edmund (D:4)
  A sky beast (D:6)
  2 ice beasts
  2 ogres (D:6)
  4 lemures (D:4)
  A bullfrog (D:6)
  4 scorpions
  3 howler monkeys
  An orc priest (D:6)
  3 hounds
  6 jellies
  Crazy Yiuf (D:4)
  A gnoll bouda (D:5)
  A sleepcap (D:6)
  2 iguanas
  2 orc wizards (D:6)
  16 gnolls
  5 adders
  2 white imps (D:6)
  A worm (D:2)
  3 dart slugs
  6 orcs
  8 bats
  4 endoplasms
  2 giant cockroaches
  4 hobgoblins
  2 quokkas
  7 ball pythons
  4 frilled lizards
  3 goblins
  13 kobolds
  3 rats
120 creatures vanquished.

Notes
Turn   | Place    | Note
-------+----------+-------------------------------------------
     0 | D:1      | skwerlee the Gargoyle Berserker began the quest for the
                  | Orb.
     0 | D:1      | Reached XP level 1. HP: 14/14 MP: 1/1
   147 | D:1      | Reached XP level 2. HP: 19/19 MP: 2/2
   164 | D:1      | Reached skill level 3 in Axes
   256 | D:1      | Found a faded altar of an unknown god.
   564 | D:1      | Reached ** piety under Trog
   989 | D:2      | Reached XP level 3. HP: 24/24 MP: 3/3
  1040 | D:2      | Found Voujece's Antique Weapon Emporium.
  1697 | D:3      | Reached XP level 4. HP: 16/30 MP: 4/4
  1776 | D:3      | Reached skill level 4 in Axes
  2262 | D:4      | Reached XP level 5. HP: 33/34 MP: 5/5
  2346 | D:4      | Found a staircase to the Ecumenical Temple.
  2354 | D:4      | Noticed Edmund
  2364 | D:4      | Killed Edmund
  2365 | D:4      | Reached skill level 5 in Axes
  2365 | D:4      | Reached XP level 6. HP: 40/40 MP: 6/6
  3077 | D:4      | Found a runed translucent door.
  3078 | D:4      | Noticed Crazy Yiuf
  3467 | D:4      | Killed Crazy Yiuf
  3468 | D:4      | Reached skill level 5 in Fighting
  3523 | D:5      | Entered Level 5 of the Dungeon
  3612 | D:5      | Identified the ring "Tirphoc" {rPois rN+ Str+4 Slay+2}
  3612 | D:5      | Noticed an ice beast
  3625 | D:5      | Killed an ice beast
  3626 | D:5      | Reached skill level 6 in Axes
  3626 | D:5      | Reached XP level 7. HP: 44/44 MP: 7/7
  3822 | D:5      | Noticed Pikel
  4077 | D:5      | Killed Pikel
  4078 | D:5      | Reached skill level 7 in Axes
  4078 | D:5      | Reached XP level 8. HP: 30/51 MP: 8/8
  4207 | D:5      | Noticed Menkaure
  4217 | D:5      | Killed Menkaure
  4218 | D:5      | Reached skill level 8 in Axes
  4934 | D:6      | Reached skill level 9 in Axes
  4934 | D:6      | Reached skill level 1 in Stealth
  4937 | D:6      | Reached XP level 9. HP: 56/56 MP: 9/9
  5013 | D:6      | Reached *** piety under Trog
  5354 | D:6      | Found a broken altar of Ashenzari.
  5494 | D:6      | Reached skill level 10 in Axes
  5836 | D:7      | Killed from afar by a steam dragon

Illustrated notes

Levels and vault maps discovered:
D:1:      lemuel_arrival_room, layout_basic,
          shapermc_ecumenical_altar_notcrosses
D:2:      layout_rooms, serial_shops, nicolae_shop_scrapyard,
          hangedman_decor_lopped, minmay_tromino_i4
D:3:      layout_rooms, grunt_ministairs_14
D:4:      layout_layer_cave, minmay_temple_entry_statues_fountains, uniq_edmund,
          uniq_crazy_yiuf_cottage
D:5:      layout_cave_pools, kennysheep_path_1, uniq_pikel, uniq_menkaure
D:6:      layout_basic, mainiacjoe_overflow_six_doors_small,
          minmay_chambers_of_fives
D:7:      cheibrodos_grave_circle, layout_basic

Skill      XL: |  1  2  3  4  5  6  7  8  9 |
---------------+----------------------------+-----
Axes           | 3 4 5 6 7 9 10 | 10.2
Fighting       | 4 5 6 7 |  7.4
Stealth        | 1 |  1.0
Armour         | |  2.1
Dodging        | |  1.5

Action                     |  1- 3 |  4- 6 |  7- 9 || total
---------------------------+-------+-------+-------++-------
  Melee: Hand axe          |   145 |    75 |   231 ||   451
         Punch             |     1 |     2 |     3 ||     6
 Invoke: Berserk           |       |     4 |     9 ||    13
         Trog's Hand       |       |     1 |     1 ||     2
    Use: Scroll            |     3 |     1 |     5 ||     9
 Armour: Chain mail        |   100 |    64 |   196 ||   360
         Animal skin       |     1 |       |       ||     1
  Dodge: Dodged            |    69 |    27 |   112 ||   208

Table legend: (Time is in decaauts)
 A = Elapsed time spent in this place.
 B = Non-inter-level travel time spent in this place.
 C = Inter-level travel time spent in this place.
 D = Time resting spent in this place.
 E = Time spent auto-exploring this place.
 F = Levels seen in this place.
 G = Mean time per level.
                   A        B        C        D        E       F      G
               +--------+--------+--------+--------+--------+-----+--------+
         Total |   5938 |   5794 |    144 |   1276 |   3550 |   7 |  848.3 |
       Dungeon |   5938 |   5794 |    144 |   1276 |   3550 |   7 |  848.3 |
               +--------+--------+--------+--------+--------+-----+--------+

Top non-repeatable levels by time:
     D:4: 1818 daAuts
     D:1: 976 daAuts
     D:6: 965 daAuts
     D:5: 873 daAuts
     D:3: 568 daAuts
     D:2: 561 daAuts
     D:7: 175 daAuts
